 Dungeon Crawl Stone Soup version 0.29.1-1-gd02db69 (webtiles) character file.

Game seed: 10777729536629591248

77 Jonnyslop the Digger (level 4, 0/24 HPs)
             Began as a Gargoyle Earth Elementalist on Dec 12, 2022.
             Killed from afar by Ijyb (4 damage)
             ... with a puff of flame
             ... on level 3 of the Dungeon.
             The game lasted 00:06:25 (1855 turns).

Jonnyslop the Digger (Gargoyle Earth Elementalist)  Turns: 1855, Time: 00:06:27

Health: 0/24       AC:  5    Str: 13    XL:     4   Next: 33%
Magic:  4/8        EV: 11    Int: 16    God:
Gold:   145        SH:  0    Dex: 10    Spells: 5/9 levels left

rFire   . . .      SeeInvis .   l - +0 great sword
rCold   . . .      Faith    .   (shield currently unavailable)
rNeg    + . .      Spirit   .   a - +0 robe
rPois   ∞          Reflect  .   (no helmet)
rElec   +          Harm     .   (no cloak)
rCorr   .          Rampage  .   (no gloves)
Will    .....                   (no boots)
Stlth   ++........              (no amulet)
HPRegen 0.08/turn               (no ring)
MPRegen 0.11/turn               (no ring)

@: no status effects
A: sickness immunity, AC +3, negative energy resistance 1, electricity
resistance, torment resistance 1, petrification resistance
a: no special abilities


You were on level 3 of the Dungeon.
You visited 1 branch of the dungeon, and saw 3 of its levels.

You collected 145 gold pieces.

Inventory:

Hand Weapons
 l - a +0 great sword (weapon)
Armour
 a - a +0 robe (worn)
Scrolls
 g - a scroll of amnesia {unknown}
 h - 3 scrolls of identify
 k - a scroll of vulnerability {unknown}
 m - a scroll of noise {unknown}
 n - a scroll of immolation {unknown}
Potions
 b - a potion of magic
 c - 2 potions of might {unknown}
 d - 3 potions of resistance
 e - a potion of attraction {unknown}
 f - a potion of degeneration {unknown}
 i - a potion of invisibility {unknown}
 j - a potion of flight {unknown}


   Skills:
 - Level 1.5 Dodging
 - Level 2.1 Stealth
 * Level 3.2 Spellcasting
 + Level 1.6 Transmutations
 + Level 4.3 Earth Magic


You had 5 spell levels left.
You knew the following spells:

 Your Spells              Type           Power      Damage    Failure   Level
a - Sandblast             Erth           32%        2d9       3%          1
b - Stone Arrow           Conj/Erth      18%        3d8       22%         3

Your spell library contained the following spells:

 Spells                   Type           Power      Damage    Failure   Level
 Passwall                 Tmut/Erth      10%        N/A       8%          2
 Petrify                  Tmut/Erth      12%        N/A       45%         4


Dungeon Overview and Level Annotations

Branches:
Dungeon (3/15)

Altars:
Yredelemnul

Annotations:
D:3 1 runed translucent door, Ijyb


Innate Abilities, Weirdness & Mutations

You are immune to sickness and miasma.
Your stone body is resilient. (AC +3)
You are immune to poison.
You resist negative energy. (rN+)
You are resistant to electric shocks. (rElec)
You are resistant to unholy torment.
You are immune to petrification.


Message History

There is a stone staircase leading up here.
An endoplasm comes into view.
The endoplasm moves out of view.
The endoplasm quivers.
The blast of sand hits the endoplasm!
You kill the endoplasm!
Ijyb the Twisted Goblin comes into view.
She is wielding a +0 dagger, wearing a +0 leather armour of poison resistance and carrying a wand of flame (18).
Found 13 gold pieces.
Ijyb shouts!
Ijyb zaps a wand.
The puff of flame hits you!
The blast of sand misses Ijyb.
The blast of sand hits Ijyb but does no damage.
Ijyb zaps a wand.
The puff of flame hits you.
You are too injured to fight recklessly!
You are too injured to fight recklessly!
You are too injured to fight recklessly!
You are too injured to fight recklessly!
You are too injured to fight recklessly!
You are too injured to fight recklessly!
You are too injured to fight recklessly!
You are too injured to fight recklessly!
Casting: Sandblast (safe; 3% risk of failure)
Confirm with . or Enter, or press ? or * to list all spells.
Aiming: Sandblast (safe; 3% risk of failure)
Press: ? - help, Shift-Dir - straight line, f/p - Ijyb
Aim: Ijyb, wielding a +0 dagger, wearing a +0 leather armour of poison resistance and carrying a wand of flame (16) (77% to hit)
The blast of sand hits Ijyb but does no damage.
Ijyb hits you but does no damage. Ijyb screams, "I dance on your bones!"
Ijyb zaps a wand.
The puff of flame hits you!
* * * LOW HITPOINT WARNING * * *
Casting: Sandblast (safe; 3% risk of failure)
Confirm with . or Enter, or press ? or * to list all spells.
Aiming: Sandblast (safe; 3% risk of failure)
Press: ? - help, Shift-Dir - straight line, f/p - Ijyb
Aim: Ijyb, wielding a +0 dagger, wearing a +0 leather armour of poison resistance and carrying a wand of flame (15) (77% to hit)
The blast of sand hits Ijyb!
Ijyb is moderately wounded.
Ijyb zaps a wand.
The puff of flame hits you.
You die...

#####...#####.####..###.......#
# #...[......##..............#
# #....#.######.##.#.#########
# #..).#.# #.##.#.##......# #
#....#.# #.#..#.##.####.# #
####.#.##.# #.#.##.##.####.###
.#.#.#.#..# #......##.#.......
.........## #.##.#.##.#.##.###
.##+##.#.... #@#.###†#......#
.# #... ## #g## #......#### .+
.#.. ......####### .# ..#
#.##### .##+## .# #$ ....). #
.. .#.#.# #. ## # #. #


You could see Ijyb.

Vanquished Creatures
  A human skeleton (D:3)
  2 adders
  A worm (D:2)
  An orc (D:3)
  2 bats
  3 endoplasms
  5 giant cockroaches
  A hobgoblin (D:1)
  2 quokkas (D:1)
  4 ball pythons (D:2)
  A frilled lizard (D:1)
  2 goblins (D:1)
  A jackal skeleton (D:3)
  2 kobolds
  2 rats (D:2)
30 creatures vanquished.

Notes
Turn   | Place    | Note
-------+----------+-------------------------------------------
     0 | D:1      | Jonnyslop the Gargoyle Earth Elementalist began the quest
                  | for the Orb.
     0 | D:1      | Reached XP level 1. HP: 10/10 MP: 3/3
   174 | D:1      | Found a faded altar of an unknown god.
   217 | D:1      | Reached skill level 1 in Transmutations
   237 | D:1      | Reached XP level 2. HP: 15/15 MP: 1/5
  1097 | D:2      | Reached skill level 4 in Earth Magic
  1097 | D:2      | Reached XP level 3. HP: 19/19 MP: 0/7
  1453 | D:2      | Learned a level 3 spell: Stone Arrow
  1638 | D:3      | Reached XP level 4. HP: 24/24 MP: 2/8
  1797 | D:3      | Found a runed translucent door.
  1797 | D:3      | Noticed a human
  1800 | D:3      | Found a basalt altar of Yredelemnul.
  1848 | D:3      | Noticed Ijyb
  1855 | D:3      | Killed from afar by Ijyb

Illustrated notes

Levels and vault maps discovered:
D:1:      nagdon_arrival_zigzag_paths, layout_basic, basic_ecumenical_altar,
          minmay_crystal_room
D:2:      wander_river, layout_loops_ring
D:3:      layout_loops_cross, dk_yredelemnul_ordeal, minmay_misc_feat_doors,
          kennysheep_generic_room_12, uniq_ijyb

Skill      XL: |  1  2  3 |
---------------+----------+-----
Transmutations | 1 |  1.6
Earth Magic    | 4 |  4.3
Spellcasting   | 3 |  3.2
Dodging        | |  1.5
Stealth        | |  2.1

Action                   |  1- 3 |  4- 6 || total
-------------------------+-------+-------++-------
 Cast: Sandblast         |    46 |     7 ||    53
  Use: Scroll            |     1 |       ||     1
Armor: Robe              |     3 |     1 ||     4
Dodge: Dodged            |     9 |     1 ||    10
